 Dungeon Crawl Stone Soup version 0.26-a0-61-g6c07f0ee8d (webtiles) character file.

Game seed: 2211034883302453353

1068 MisterFreud the Ducker (level 8, -3/54 HPs)
             Began as an Octopode Gladiator on June 9, 2020.
             Splashed by a jelly's acid (5 damage)
             ... on level 5 of the Dungeon.
             The game lasted 00:05:06 (4834 turns).

MisterFreud the Ducker (Octopode Gladiator)         Turns: 4834, Time: 00:05:06

Health: -3/54      AC: -15   Str: 13    XL:     8   Next: 28%
Magic:  8/8        EV: 17    Int: 13    God:
Gold:   197        SH:  0    Dex: 13    Spells: 7/7 levels left

rFire    . . .     SeeInvis +   a - +1 long sword
rCold    . . .     Gourm    .   (no shield)
rNeg     + . .     Faith    .   b - +0 hat
rPois    .         Spirit   .   p - amulet of inaccuracy (curse)
rElec    .         Reflect  .   i - ring of see invisible
rCorr    .         Harm     .   n - ring of positive energy
MR       .....                  (no ring)
Stlth    ++........             (no ring)
HPRegen  0.18/turn              (no ring)
MPRegen  0.11/turn              (no ring)
                                (no ring)
                                (no ring)

@: corroded
A: almost no armour, stealthy swim, amphibious, 8 rings, constrict 8, camouflage
1, gelatinous body 1
a: no special abilities


You were on level 5 of the Dungeon.
You were very hungry.

You visited 1 branch of the dungeon, and saw 5 of its levels.

You collected 197 gold pieces.

Inventory:

Hand Weapons
 a - a +1 long sword (weapon)
Missiles
 c - 3 throwing nets (quivered)
 j - 31 poisoned darts
 l - 2 curare-tipped darts
Armour
 b - a +0 hat (worn)
Jewellery
 i - a ring of see invisible (left tentacle)
 n - a ring of positive energy (right tentacle)
 p - a cursed amulet of inaccuracy (around mantle)
 q - an uncursed amulet of magic regeneration {unknown}
Wands
 o - a wand of paralysis (5)
Scrolls
 h - a scroll of teleportation
 k - a scroll of fog
Potions
 e - 3 potions of magic
 f - 2 potions of might
 g - a potion of haste {unknown}
Comestibles
 d - 10 rations


   Skills:
 - Level 4.0 Fighting
 - Level 6.0 Long Blades
 - Level 2.0 Throwing
 + Level 7.7 Dodging


You had 7 spell levels left.
You didn't know any spells.
Your spell library was empty.

Dungeon Overview and Level Annotations

Branches:
Dungeon (5/15)
 Temple: D:4-7

Altars:


Innate Abilities, Weirdness & Mutations

You cannot wear most types of armour.
You are very stealthy in the water. (Stealth+)
You are amphibious.
You can wear up to eight rings at the same time.
You can use your tentacles to constrict eight enemies at once.
Your skin changes colour to match your surroundings (Stealth+).
Your rubbery body absorbs attacks. (AC +1, EV +1)


Message History

The jelly is severely wounded.
Unknown command.
You barely miss the jelly.
The jelly is severely wounded.
The jelly barely misses you.
You hit the jelly but do no damage.
Your tentacles burn!
* * * LOW HITPOINT WARNING * * *
You squeeze the jelly.
The jelly is almost dead.
The jelly hits you.
* * * LOW HITPOINT WARNING * * *
The acid corrodes you!
You are splashed with acid!
* * * LOW HITPOINT WARNING * * *
Unknown command.
Unknown command.
Okay, then.
Unknown command.
Unknown command.
You hit the jelly but do no damage.
Your tentacles burn!
You die...

#.# #.# #.#
#.# ## #.# ..
#.#
#####.#.#####
#.....J@....#
#.....#.###.#
##### #.#<#.#
#.#.#.#
#.#.#.#
#.#.#.#
#.#.#.#
#.#.#.# #.#.#


You could see a jelly.

Vanquished Creatures
  Pikel (D:4)
  Grinder (D:4)
  A hippogriff (D:3)
  4 slaves (D:4)
  A scorpion (D:3)
  An orc priest (D:3)
  A hound (D:5)
  4 adders
  A shadow imp (D:3)
  An adder skeleton (D:5)
  2 worms
  A dart slug (D:2)
  4 leopard geckos
  4 orcs (D:3)
  7 bats
  4 giant cockroaches
  8 goblins
  7 hobgoblins
  9 jackals
  5 kobolds
  A ball python (D:3)
  2 frilled lizards
  10 rats
80 creatures vanquished.

Notes
Turn   | Place    | Note
-------+----------+-------------------------------------------
     0 | D:1      | MisterFreud the Octopode Gladiator began the quest for the
                  | Orb.
     0 | D:1      | Reached XP level 1. HP: 14/14 MP: 1/1
   302 | D:1      | Reached XP level 2. HP: 20/20 MP: 2/2
   687 | D:1      | Reached XP level 3. HP: 25/26 MP: 3/3
  2041 | D:3      | Reached XP level 4. HP: 28/33 MP: 4/4
  2525 | D:3      | Reached XP level 5. HP: 7/37 MP: 5/5
  3082 | D:3      | Noticed a hippogriff
  3097 | D:3      | Killed a hippogriff
  3097 | D:3      | Reached XP level 6. HP: 6/43 MP: 6/6
  3484 | D:4      | Noticed Grinder
  3493 | D:4      | Killed Grinder
  3493 | D:4      | Reached skill level 4 in Dodging
  3493 | D:4      | Reached XP level 7. HP: 31/48 MP: 7/7
  4169 | D:4      | Noticed Pikel
  4326 | D:3      | Reached skill level 5 in Dodging
  4400 | D:4      | Killed Pikel
  4400 | D:4      | Reached skill level 7 in Dodging
  4400 | D:4      | Reached XP level 8. HP: 12/54 MP: 8/8
  4786 | D:5      | Entered Level 5 of the Dungeon
  4833 | D:5      | HP: 2/54 [acid (7)]
  4834 | D:5      | Splashed by a jelly's acid

Illustrated notes

Levels and vault maps discovered:
D:1:      scummos_arrival_simple_crosswalls, layout_basic, st_stairs_3
D:2:      layout_basic, first_ration
D:3:      layout_loops_cross, dk_vineyard_3, minivault_25
D:4:      layout_basic, uniq_grinder, uniq_pikel
D:5:      layout_basic, gammafunk_ghost_smash

Skill      XL: |  1  2  3  4  5  6  7 |
---------------+----------------------+-----
Fighting       | 3 4 |  4.0
Long Blades    | 4 6 |  6.0
Dodging        | 4 7 |  7.7
Throwing       | |  2.0

Action                   |  1- 3 |  4- 6 |  7- 9 || total
-------------------------+-------+-------+-------++-------
Melee: Long sword        |    59 |    95 |    47 ||   201
       Constrict         |    18 |    22 |     9 ||    49
       Tentacles         |     8 |    22 |    21 ||    51
Evoke: Wand              |       |     1 |       ||     1
  Use: Scroll            |     5 |     2 |     1 ||     8
       Potion            |       |     4 |       ||     4
 Stab: Sleeping          |     9 |     9 |       ||    18
       Distracted        |     1 |       |       ||     1
       Paralysed         |       |     5 |       ||     5
  Eat: Chunk             |     3 |     5 |       ||     8
       Ration            |       |       |     1 ||     1
Armor: Skin              |     3 |    15 |       ||    18
Dodge: Dodged            |    38 |   109 |    34 ||   181
       Rpst.: Long sword |    13 |    24 |    17 ||    54

Table legend:
 A = Non-vault XP
 B = Vault XP
 C = Vault XP percentage of total XP
 D = Non-vault monster count
 E = Vault monster count
 F = Vault count percentage of total count
                 A         B        C        D         E       F
            +---------+---------+-------+---------+---------+-------
      Total |     582 |     944 |  61.9 |      71 |       5 |   6.6
            +---------+---------+-------+---------+---------+-------
        D:1 |      35 |       4 |  10.3 |      18 |       3 |  14.3
        D:2 |      40 |       0 |   0.0 |      15 |       0 |   0.0
        D:3 |     456 |       0 |   0.0 |      35 |       0 |   0.0
        D:4 |       5 |     940 |  99.5 |       1 |       2 |  66.7
        D:5 |      46 |       0 |   0.0 |       2 |       0 |   0.0
            +---------+---------+-------+---------+---------+-------
